 Dungeon Crawl Stone Soup version 0.31-a0-431-g88bdf31460 (webtiles) character file.

Game seed: 10908981433482073683

91 floatRand the Ruffian (level 4, -3/35 HPs)
             Began as a Draconian Shapeshifter on July 31, 2023.
             Killed by divine providence
             ... invoked by an orc priest
              (12 damage)
             ... on level 3 of the Dungeon.
             The game lasted 00:01:53 (1715 turns).

floatRand the Ruffian (Draconian Shapeshifter)      Turns: 1715, Time: 00:01:54

Health: -3/35      AC:  5    Str: 17    XL:     4   Next: 34%
Magic:  4/4        EV: 12    Int:  9    God:
Gold:   79         SH:  0    Dex: 13    Spells: 3/3 levels left

rFire   . .          .
                       - Unarmed
rCold   . . .        (no shield)
rNeg    . . .        (body armour unavailable)
rPois   .            (helmet currently unavailable)
rElec   .            (cloak currently unavailable)
rCorr   .            (gloves currently unavailable)
SInv    .            (boots currently unavailable)
Will    .....        (no amulet)
Stlth   +            (no ring)
HPRegen 0.25/turn    (no ring)
MPRegen 0.09/turn

%: no passive effects
@: beast-form
A: beast (slay +2), AC +5, unfitting armour, cold-blooded
a: Begin Untransformation


You were on level 3 of the Dungeon.
You were a hulking beast.
You visited 1 branch of the dungeon, and saw 3 of its levels.

You collected 79 gold pieces.

Inventory:

Jewellery
 f - a ring of see invisible
Talismans
 b - a beast talisman (active)
Scrolls
 e - a scroll of immolation {unknown}
 h - a scroll of noise {unknown}
Potions
 a - 2 potions of lignification
 c - a potion of curing
 d - a potion of mutation {unknown}
 i - a potion of degeneration
 j - a potion of resistance {unknown}


   Skills:
 - Level 1.1 Fighting
 - Level 1.7 Dodging
 * Level 4.6 Unarmed Combat
 + Level 3.6 Shapeshifting


You had 3 spell levels left.
You didn't know any spells.
Your spell library contained the following spells:

 Spells                   Type           Power      Damage    Failure   Level
 Freeze                   Ice            0%         1d3       38%         1
 Lesser Beckoning         Tloc           0%         N/A       52%         2
 Frozen Ramparts          Ice            0%         1d1       77%         3
 Gell's Gravitas          Tloc           0%         N/A       77%         3
 Hailstorm                Conj/Ice       0%         3d3       77%         3
 Teleport Other           Tloc           0%         N/A       77%         3


Dungeon Overview and Level Annotations

Branches:
Dungeon (3/15)

Altars:


Innate Abilities, Weirdness & Mutations

You are a hulking beast.
Your limbs bulge with bestial killing power. (Slay +2)
Your plain brown scales are hard. (AC +5)
You cannot fit into any form of body armour.
You are cold-blooded and may be slowed by cold attacks.


Message History

Things that are here:
a +2 hand axe of electrocution; an orc corpse You hit the rat.
You kill the rat!
You barely miss the orc.
The orc priest calls down the wrath of Beogh upon you.
Beogh smites you! The orc hits you with a +0 club.
You hear a shout!
You are too injured to fight recklessly!
Unknown command.
Okay, then.
The orc priest calls down the wrath of Beogh upon you.
Beogh smites you!
* * * LOW HITPOINT WARNING * * *
The orc attacks as you move away! The orc hits you but does no damage.
You open the door. The orc barely misses you.
There is an open door here.
The orc attacks as you move away! The orc closely misses you.
Something unseen opens the door.
There's a creature in the doorway!
You hit the orc.
Your tail-slap misses the orc.
The orc is lightly wounded.
The orc hits you but does no damage.
You hit the orc.
The orc is severely wounded.
You feel better. The orc hits you with a +0 club.
* * * LOW HITPOINT WARNING * * *
You hit the orc but do no damage.
The orc is heavily wounded.
An orc comes into view. It is wielding a +2 dagger of speed.
The orc barely misses you.
Unknown command.
The orc shouts!
You hit the orc. You tail-slap the orc.
You kill the orc!
You hear a shout!
Unknown command.
The orc priest calls down the wrath of Beogh upon you.
Beogh smites you!
You die...

......###........)†..#
#####.# ####.#.#o##$##
# #.# ##...># o. # #.#
##.#### ## # #.#
#...'.. # #.# #.#o#.#
#####.# #...#o# .#
g≈≈##.# ###.#.#...#.
gg≈##<## #.h.......+
.≈≈##..# #.####+####
.≈)++..# #.#
g≈≈##..###### #.#
.≈≈##........ ..#
.~≈##..###### ###
#####†########
).............
##.##.#######.


You could see an orc priest and an orc.

Vanquished Creatures
  3 adders
  2 worms (D:2)
  2 dart slugs (D:2)
  2 orcs (D:3)
  3 bats
  6 endoplasms
  9 goblins
  2 hobgoblins (D:3)
  3 jackals
  4 kobolds
  A quokka (D:1)
  4 ball pythons
  3 frilled lizards
  4 rats
48 creatures vanquished.

Notes
Turn   | Place    | Note
-------+----------+-------------------------------------------
     0 | D:1      | floatRand the Draconian Shapeshifter began the quest for
                  | the Orb.
     0 | D:1      | Reached XP level 1. HP: 16/16 MP: 1/1
   491 | D:1      | Reached XP level 2. HP: 23/23 MP: 2/2
   841 | D:2      | Reached XP level 3. HP: 10/28 MP: 3/3
  1113 | D:2      | Reached skill level 4 in Unarmed Combat
  1403 | D:3      | Reached XP level 4. HP: 16/35 MP: 4/4
  1715 | D:3      | Killed from afar by an orc priest

Illustrated notes

Levels and vault maps discovered:
D:1:      ldierk_walled_garden, layout_loops_cross
D:2:      layout_basic, minmay_tall_x
D:3:      layout_loops_ring, mainiacjoe_overflow_six_doors_small, minitemple,
          hellmonk_ecumenical_altar_inner_sanctum,
          chequers_serial_rivers_micro_c, minmay_goblin_outpost

Skill      XL: |  1  2  3 |
---------------+----------+-----
Unarmed Combat | 4 |  4.6
Fighting       | |  1.1
Dodging        | |  1.7
Shapeshifting  | |  3.6

Action                     |  1- 3 |  4- 6 || total
---------------------------+-------+-------++-------
  Melee: Unarmed           |    86 |    32 ||   118
         Tailslap          |     5 |     3 ||     8
         Punch             |     1 |     1 ||     2
    Use: Scroll            |     2 |       ||     2
         Potion            |       |     1 ||     1
 Armour: Skin              |    34 |    12 ||    46
  Dodge: Dodged            |    41 |    29 ||    70

Table legend: (Time is in decaauts)
 A = Elapsed time spent in this place.
 B = Non-inter-level travel time spent in this place.
 C = Inter-level travel time spent in this place.
 D = Time resting spent in this place.
 E = Time spent auto-exploring this place.
 F = Levels seen in this place.
 G = Mean time per level.
                   A        B        C        D        E       F      G
               +--------+--------+--------+--------+--------+-----+--------+
         Total |   1707 |   1648 |     59 |    245 |   1069 |   3 |  569.0 |
       Dungeon |   1707 |   1648 |     59 |    245 |   1069 |   3 |  569.0 |
               +--------+--------+--------+--------+--------+-----+--------+

Top non-repeatable levels by time:
     D:2: 702 daAuts
     D:1: 681 daAuts
     D:3: 323 daAuts
